 Dungeon Crawl Stone Soup version 0.31.0-11-ge490571c62 (webtiles) character file.

Game seed: 14563618968889059688

123 thirtiethelement the Slasher (level 4, -4/37 HPs)
             Began as a Demonspawn Monk on Jan 29, 2024.
             Was a Believer of Sif Muna.
             Slain by an orc priest
             ... wielding a +0 hand axe
              (5 damage)
             ... on level 3 of the Dungeon.
             The game lasted 00:02:53 (2523 turns).

thirtiethelement the Slasher (Demonspawn Monk)      Turns: 2523, Time: 00:02:54

Health: -4/37      AC:  2    Str: 11    XL:     4   Next: 80%
Magic:  4/4        EV: 13    Int: 11    God:    Sif Muna [**....]
Gold:   90         SH:  0    Dex: 17    Spells: 3/3 levels left

rFire   . . .        a - +0 falchion
rCold   . . .        d - orb {light}
rNeg    . . .        b - +0 robe
rPois   .            (no helmet)
rElec   .            (no cloak)
rCorr   .            (no gloves)
SInv    .            (no boots)
Will    .....        (no amulet)
Stlth   +            (no ring)
HPRegen 0.26/turn    (no ring)
MPRegen 0.09/turn

%: no passive effects
@: glowing
A: demonic magic 1
a: Renounce Religion, Channel Magic


You were on level 3 of the Dungeon.
You worshipped Sif Muna.
Sif Muna was pleased with you.
You visited 1 branch of the dungeon, and saw 3 of its levels.

You collected 90 gold pieces.

Inventory:

Hand Weapons
 a - a +0 falchion (weapon)
Armour
 b - a +0 robe (worn)
 d - an orb of light (worn)
Scrolls
 e - a scroll of summoning {unknown}
 i - a scroll of teleportation {unknown}
 j - a scroll of poison {unknown}
 m - a scroll of blinking {unknown}
Potions
 c - 2 potions of ambrosia
 f - 2 potions of berserk rage {unknown}
 g - a potion of curing {unknown}
 h - 3 potions of resistance {unknown}
 k - a potion of lignification {unknown}
 l - a potion of cancellation {unknown}


   Skills:
 + Level 3.8 Fighting
 + Level 4.1 Long Blades
 + Level 3.3 Dodging
 + Level 0.1 Stealth


You had 3 spell levels left.
You didn't know any spells.
Your spell library contained the following spells:

 Spells                   Type           Power      Damage    Failure   Level
 Inner Flame              Hex/Fire       0%         N/A       71%         3
 Flame Wave               Conj/Fire      0%         2d4       98%         4
 Sticky Flame             Fire/Alch      0%         2d4       98%         4


Dungeon Overview and Level Annotations

Branches:
Dungeon (3/15)

Altars:
Dithmenos
Hepliaklqana
Makhleb
Sif Muna
Vehumet
Yredelemnul


Innate Abilities, Weirdness & Mutations

Spells you cast may paralyse adjacent enemies.


Message History

You are too injured to fight recklessly!
You are too injured to fight recklessly!
You are too injured to fight recklessly!
You are too injured to fight recklessly!
You are too injured to fight recklessly!
You are too injured to fight recklessly!
You are too injured to fight recklessly!
You are too injured to fight recklessly!
The orc attacks as it pursues you! The orc misses you.
You barely miss the orc. The orc barely misses you.
You hit the orc.
The orc is heavily wounded.
The orc closely misses you.
You completely miss the orc.
The orc is heavily wounded.
The orc priest invokes the aid of Beogh against you.
Beogh smites you!
* * * LOW HITPOINT WARNING * * *
The orc misses you.
You slash the orc!
You kill the orc!
Sif Muna accepts your kill. The hobgoblin hits you.
* * * LOW HITPOINT WARNING * * *
You barely miss the hobgoblin. The hobgoblin closely misses you.
You slash the hobgoblin!
You kill the hobgoblin!
Sif Muna accepts your kill.
You hit the orc priest.
The orc priest is severely wounded.
The orc priest misses you.
You hit the orc priest but do no damage.
The orc priest is severely wounded.
The orc priest calls down the wrath of Beogh upon you.
Pain shoots through your body!
* * * LOW HITPOINT WARNING * * *
You hit the orc priest but do no damage.
The orc priest is severely wounded.
The orc priest hits you with a +0 hand axe.
You die...

# #.##.##......###...
# #........#.#......
## ####.###......# .#
##. #.#....# .# ###
..# #.###.## .#...
### .. #.###.# .#.###
#...#. #.....# .....#
#...##.....# ####
......#
#.)o@.....####≈_#
......#
......###.......###.#
...##.##..###
#.....#...'.#
#.......
###########.#
#.##..### #~_#
#....... #### ...#..#
. #..#..##...##
.............


You could see an orc priest.

Vanquished Creatures
  4 adders (D:2)
  3 ribbon worms
  2 orcs (D:3)
  2 ball pythons
  12 endoplasms
  5 giant cockroaches
  6 goblins
  10 hobgoblins
  10 kobolds
  2 quokkas
  5 bats
  5 frilled lizards
  5 rats
71 creatures vanquished.

Notes
Turn   | Place    | Note
-------+----------+-------------------------------------------
     0 | D:1      | thirtiethelement the Demonspawn Monk began the quest for
                  | the Orb.
     0 | D:1      | Reached XP level 1. HP: 18/18 MP: 1/1
   103 | D:1      | Gained mutation: Spells you cast may paralyse adjacent
                  | enemies. [demonic ancestry]
   103 | D:1      | Reached XP level 2. HP: 16/24 MP: 2/2
   122 | D:1      | Reached skill level 3 in Long Blades
   519 | D:1      | Reached XP level 3. HP: 29/29 MP: 3/3
  1360 | D:2      | Reached XP level 4. HP: 37/37 MP: 4/4
  1919 | D:3      | Reached skill level 4 in Long Blades
  2070 | D:3      | Found a shadowy altar of Dithmenos.
  2071 | D:3      | Found a shimmering blue altar of Sif Muna.
  2072 | D:3      | Found a burning altar of Makhleb.
  2072 | D:3      | Found a hazy altar of Hepliaklqana.
  2079 | D:3      | Became a worshipper of Sif Muna the Loreminder
  2079 | D:3      | Reached * piety under Sif Muna
  2079 | D:3      | Reached ** piety under Sif Muna
  2489 | D:3      | Found a basalt altar of Yredelemnul.
  2489 | D:3      | Found a radiant altar of Vehumet.
  2522 | D:3      | HP: 1/37 [orc priest/nerve-wracking pain (5)]
  2523 | D:3      | Slain by an orc priest

Illustrated notes

Levels and vault maps discovered:
D:1:      minmay_arrival_jagged, layout_basic
D:2:      layout_loops_cross
D:3:      layout_loops_cross, mainiacjoe_overflow_alcove_3,
          gammafunk_temple_overflow_elements, roderic_nine_men_s_morris

Skill      XL: |  1  2  3  4 |
---------------+-------------+-----
Long Blades    | 3 4 |  4.1
Dodging        | 3 |  3.3
Fighting       | |  3.8
Stealth        | |  0.1

Action                     |  1- 3 |  4- 6 || total
---------------------------+-------+-------++-------
  Melee: Falchion          |   123 |    82 ||   205
 Armour: Robe              |    49 |    52 ||   101
  Dodge: Dodged            |    75 |    48 ||   123
